 Dungeon Crawl Stone Soup version 0.28-a0-1629-gf728b707aa (webtiles) character file.

Game seed: 16528609158585004438

52 cheechan the Grasshopper (level 3, 0/18 HPs)
             Began as a Vine Stalker Warper on Jan 24, 2022.
             Succumbed to an adder's poison
             ... on level 2 of the Dungeon.
             The game lasted 00:06:52 (853 turns).

cheechan the Grasshopper (Vine Stalker Warper)       Turns: 853, Time: 00:06:53

Health: 0/18       AC:  3    Str: 13    XL:     3   Next: 85%
Magic:  0/8        EV: 11    Int: 15    God:
Gold:   50         SH:  0    Dex: 13    Spells: 2/7 levels left

rFire   . . .      SeeInvis .     - Unarmed
rCold   . . .      Faith    .   (no shield)
rNeg    . . .      Spirit   +   a - +0 leather armour
rPois   .          Reflect  .   (no helmet)
rElec   .          Harm     .   (no cloak)
rCorr   .          Rampage  .   (no gloves)
Will    .....                   (no boots)
Stlth   +.........              (no amulet)
HPRegen 0.06/turn               (no ring)
MPRegen 0.11/turn               (no ring)

@: lethally poisoned (0 -> -4)
A: fangs 2, magic shield, antimagic bite, no potion heal 2
a: no special abilities


You were on level 2 of the Dungeon.
You visited 1 branch of the dungeon, and saw 2 of its levels.

You collected 50 gold pieces.

Inventory:

Missiles
 c - 5 boomerangs of dispersal (quivered)
 d - 63 stones
Armour
 a - a +0 leather armour (worn)
Scrolls
 b - a scroll of blinking
 e - a scroll of identify
Potions
 g - a potion of haste


   Skills:
 + Level 2.0 Fighting
 + Level 0.8 Throwing
 + Level 1.3 Armour
 + Level 1.6 Dodging
 + Level 2.2 Unarmed Combat
 + Level 2.7 Spellcasting
 + Level 3.3 Translocations
 + Level 1.1 Earth Magic


You had 2 spell levels left.
You knew the following spells:

 Your Spells              Type           Power      Damage    Failure   Level
a - Sandblast             Erth           10%        2d5       17%         1
b - Blink                 Tloc           24%        N/A       10%         2
c - Passwall              Tmut/Erth      2%         N/A       30%         2

Your spell library contained the following spells:

 Spells                   Type           Power      Damage    Failure   Level
 Gell's Gravitas          Tloc           12%        N/A       21%         3
 Lesser Beckoning         Tloc           12%        N/A       21%         3
 Teleport Other           Tloc           12%        N/A       21%         3
 Stone Arrow              Conj/Erth      6%         3d7       52%         3
 Manifold Assault         Tloc           12%        N/A       88%         5


Dungeon Overview and Level Annotations

Branches:
Dungeon (2/15)

Altars:

Shops:
D:1 *!


Innate Abilities, Weirdness & Mutations

You have extremely sharp teeth.
When hurt, damage is shared between your health and your magic reserves.
Your bite disrupts and absorbs the magic of your enemies.
Potions cannot restore your health.


Message History

Unknown command.
Casting: Sandblast (safe; 19% risk of failure)
Confirm with . or Enter, or press ? or * to list all spells.
Aiming: Sandblast (safe; 19% risk of failure)
Press: ? - help, Shift-Dir - straight line, f/p - gnoll
Aim: a gnoll, wielding a +0 spear (almost dead, 81% to hit)
The blast of sand misses the gnoll.
The blast of sand hits the adder.
The adder is heavily wounded.
d - 64 stones The gnoll closely misses you.
A gnoll comes into view. It is wielding a +0 whip.
Things that are here:
a +0 club; a gnoll corpse
Casting: Sandblast (safe; 19% risk of failure)
Confirm with . or Enter, or press ? or * to list all spells.
Aiming: Sandblast (safe; 19% risk of failure)
Press: ? - help, Shift-Dir - straight line, f/p - gnoll
Aim: a gnoll, wielding a +0 spear (almost dead, 81% to hit)
The blast of sand hits the gnoll.
You kill the gnoll!
d - 63 stones Your Earth Magic skill increases to level 1!
You miss the adder.
The adder is heavily wounded.
The adder bites you but does no damage.
You hit the adder but do no damage.
The adder is heavily wounded.
The adder bites you.
* * * LOW HITPOINT WARNING * * *
You are lethally poisoned!
The adder poisons you! The adder misses you.
You miss the adder. You bite the adder, but do no damage.
The adder is heavily wounded.
* * * LOW HITPOINT WARNING * * *
You feel sick. The adder bites you but does no damage.
Okay, then.
Okay, then.
* * * LOW HITPOINT WARNING * * *
You feel sick.
You die...

#...........######
#......)..........
###....)............
.......)............
.......g.).†........
....................
...#...S............
...#..............<.
.. #...@............
#................
#...............
#...>...........
#...........
#..........#
####.####### #.#


You could see a gnoll and an adder.

Vanquished Creatures
  2 gnolls (D:2)
  A worm (D:2)
  3 ball pythons (D:1)
  A bat (D:1)
  3 endoplasms (D:1)
  5 goblins
  4 hobgoblins (D:1)
  A frilled lizard (D:2)
  4 kobolds (D:1)
  6 rats (D:1)
30 creatures vanquished.

Vanquished Creatures (others)
  3 plants (D:1)
3 creatures vanquished.

Grand Total: 33 creatures vanquished

Notes
Turn   | Place    | Note
-------+----------+-------------------------------------------
     0 | D:1      | cheechan the Vine Stalker Warper began the quest for the
                  | Orb.
     0 | D:1      | Reached XP level 1. HP: 11/11 MP: 4/4
    88 | D:1      | Reached skill level 1 in Armour
   143 | D:1      | Found Gepped's Distillery.
   154 | D:1      | Reached XP level 2. HP: 10/15 MP: 6/6
   228 | D:1      | Learned a level 1 spell: Sandblast
   231 | D:1      | Learned a level 2 spell: Blink
   234 | D:1      | Learned a level 2 spell: Passwall
   510 | D:1      | Reached XP level 3. HP: 13/18 MP: 7/7
   651 | D:1      | Found Wiepim's Assorted Antiques.
   798 | D:1      | Found a faded altar of an unknown god.
   804 | D:1      | You fall into a shaft and drop 1 floor!
   847 | D:2      | Reached skill level 1 in Earth Magic
   853 | D:2      | Succumbed to an adder's poison

Illustrated notes

Levels and vault maps discovered:
D:1:      dpeg_arrival_rooms_b, layout_basic, serial_shops, shop, shop,
          serial_forest, infiniplex_forest_clump_tiny,
          infiniplex_forest_straight_5, infiniplex_forest_clump_small,
          infiniplex_forest_clump_cross, infiniplex_forest_clump_double,
          infiniplex_forest_clump_diagonal,
          hellmonk_ecumenical_altar_leap_of_faith, minmay_surrounded
D:2:      layout_basic, chequers_decorated_corner,
          chequers_serial_rivers_small_b, uniq_natasha, uniq_crazy_yiuf_cottage

Skill      XL: |  1  2  3 |
---------------+----------+-----
Armour         | 1 |  1.3
Fighting       | 2 |  2.0
Earth Magic    | 1 |  1.1
Throwing       | |  0.8
Dodging        | |  1.6
Unarmed Combat | |  2.2
Spellcasting   | |  2.7
Translocations | |  3.3

Action                   || total
-------------------------++-------
Melee: Unarmed           ||    72
       Bite              ||    15
       Punch             ||     1
 Cast: Sandblast         ||    20
       Passwall          ||     1
  Use: Scroll            ||     4
Armor: Leather armour    ||    19
Dodge: Dodged            ||    36

Table legend: (Time is in decaauts)
 A = Elapsed time spent in this place.
 B = Non-inter-level travel time spent in this place.
 C = Inter-level travel time spent in this place.
 D = Time resting spent in this place.
 E = Time spent auto-exploring this place.
 F = Levels seen in this place.
 G = Mean time per level.
                   A        B        C        D        E       F      G
               +--------+--------+--------+--------+--------+-----+--------+
         Total |    850 |    850 |      0 |      0 |      0 |   2 |  425.0 |
       Dungeon |    850 |    850 |      0 |      0 |      0 |   2 |  425.0 |
               +--------+--------+--------+--------+--------+-----+--------+

Top non-repeatable levels by time:
     D:1: 801 daAuts
     D:2: 48 daAuts
